 Dungeon Crawl Stone Soup version 0.29.0-4-gdea44cf6ec (webtiles) character file.

Game seed: 16840103074898383226

133 qw the Chopper (level 5, -7/30 HPs)
             Began as a Tengu Warper on Aug 28, 2022.
             Splashed by a jelly's acid (11 damage)
             ... on level 3 of the Dungeon.
             The game lasted 00:00:15 (3080 turns).

qw the Chopper (Tengu Warper)                       Turns: 3080, Time: 00:00:16

Health: -7/30      AC:  3    Str: 14    XL:     5   Next: 16%
Magic:  0/9        EV: 15    Int: 13    God:
Gold:   127        SH:  0    Dex: 13    Spells: 8/8 levels left

rFire   . . .      SeeInvis .   Y - +2 hand axe (flame)
rCold   . . .      Faith    .   (no shield)
rNeg    . . .      Spirit   +   a - +0 scale mail
rPois   .          Reflect  .   (helmet restricted)
rElec   .          Harm     .   b - +0 cloak
rCorr   .          Rampage  .   (no gloves)
Will    .....                   (boots unavailable)
Stlth   ..........              e - amulet of guardian spirit
HPRegen 0.10/turn               d - +4 ring of evasion
MPRegen 0.11/turn               (no ring)

@: corroded, flying quickly and evasively, quick
A: beak, talons 3, nimble flight
a: no special abilities


You were on level 3 of the Dungeon.
You visited 1 branch of the dungeon, and saw 4 of its levels.

You collected 127 gold pieces.


Innate Abilities, Weirdness & Mutations

You have a beak for a mouth.
You have claws for feet.
Your magical nature lets you fly swiftly and evasively.


   Skills:
 - Level 2.0 Fighting
 + Level 5.7 Axes
 - Level 1.0 Throwing
 - Level 1.1 Armour
 - Level 2.1 Dodging
 - Level 2.0 Spellcasting
 - Level 2.4 Translocations


You had 8 spell levels left.
You didn't know any spells.
Your spell library contained the following spells:

 Spells                   Type           Power      Damage    Failure   Level
 Blink                    Tloc           14%        N/A       54%         2
 Gell's Gravitas          Tloc           7%         N/A       77%         3
 Lesser Beckoning         Tloc           7%         N/A       77%         3
 Teleport Other           Tloc           7%         N/A       77%         3
 Manifold Assault         Tloc           7%         N/A       100%        5

Inventory:

Hand Weapons
 Y - a +2 hand axe of flaming (weapon)
Missiles
 g - 3 boomerangs (quivered)
Armour
 a - a +0 scale mail (worn)
 b - a +0 cloak (worn)
Jewellery
 d - a +4 ring of evasion (left hand)
 e - an amulet of guardian spirit (around neck)
 m - an amulet of regeneration
Scrolls
 l - a scroll of identify
Potions
 c - a potion of flight {unknown}
 f - a potion of curing {unknown}
 h - a potion of attraction {unknown}
 j - a potion of cancellation {unknown}
 k - a potion of brilliance {unknown}

Dungeon Overview and Level Annotations

Branches:
Dungeon (4/15)
 Temple: D:4-7

Altars:
Hepliaklqana
Wu Jian
Xom


Message History

You hit the orc. You burn the orc. You peck the orc.
You kill the orc!
Done exploring.
(D) Dungeon
Where to? (* - list waypoints, Enter - D:4, ? - help)
What level of the Dungeon? (default 1, ? - help)
You fly downwards.
You feel your willpower return. The adder bites you.
You are poisoned.
The adder poisons you! The jelly closely misses you.
The adder bites you but does no damage.
There is a stone staircase leading up, spattered with blood here.
You hit the jelly. You burn the jelly. The acid corrodes you!
Your hands burn!
You claw the jelly, but do no damage.
The jelly is lightly wounded.
You barely miss the adder.
You feel sick. The adder bites you but does no damage.
The jelly barely misses you. The adder barely misses you.
3076 ||| STAIRDANCE You feel sick.
The jelly hits you but does no damage. The adder misses you.
You fly upwards.
You feel sick.
There is a stone staircase leading down here.
You hit the jelly. You burn the jelly.
Your hands burn!
Your kick misses the jelly. You peck the jelly.
The jelly is moderately wounded.
You hit the adder. You burn the adder.
You feel sick.
You are no longer poisoned.
The jelly closely misses you. The adder bites you but does no damage.
You hit the jelly but do no damage.
Your hands burn!
The jelly is moderately wounded.
You hit the adder. You burn the adder. The adder closely misses you.
The jelly hits you.
You are splashed with acid!
The adder bites you but does no damage. The jelly closely misses you.
You hit the adder but do no damage. Your kick misses the adder.
The adder is severely wounded.
You hit the jelly. You burn the jelly.
Your hands burn!
The adder bites you. The jelly hits you.
You are splashed with acid!
You die...

....# #.# #.##########
###.#####.#######..........#
...........##......#######.#
###.#####..##.###.########.#
#.# #..##.# #..........# #
#.#
#..##.###..######..###### #
#.# #..........# ###........
###.#
##.....SJ..####...#8#....
....#
####...@).........#.....
##### #.###..#.............
# #.# #..#..#.......... #
########.# #....##..........
# #........#
#................ #
#........# #................
######........#
#.........####...
.....[........###........##
##..
.....#.........##.#......#
#..


You could see a jelly and an adder.

Vanquished Creatures
  Jessica (D:2)
  Robin (D:2)
  3 adders
  2 worms
  A dart slug (D:1)
  An orc (D:3)
  5 ball pythons
  2 endoplasms
  5 giant cockroaches
  14 goblins
  4 hobgoblins
  7 jackals
  3 bats
  3 frilled lizards
  2 kobolds
  4 rats
58 creatures vanquished.

Notes
Turn   | Place    | Note
-------+----------+-------------------------------------------
     0 | D:1      | qw the Tengu Warper began the quest for the Orb.
     0 | D:1      | Reached XP level 1. HP: 12/12 MP: 4/4
     0 | D:1      | 0 ||| qw: Version: 0.1-a-89-g26bdef1
     0 | D:1      | 0 ||| qw: Game counter: 2181
     0 | D:1      | 0 ||| qw: Always use a shield: true
     0 | D:1      | 0 ||| qw: God list: Okawaru
     0 | D:1      | 0 ||| qw: Allow faded altars: false
     0 | D:1      | 0 ||| qw: Do Orc after D:15 true
     0 | D:1      | 0 ||| qw: Do second Lair branch before Depths: true
     0 | D:1      | 0 ||| qw: Lair rune preference: random
     0 | D:1      | 0 ||| qw: Plans: Normal
     0 | D:1      | 0 ||| PLANNING D:1-11
    23 | D:1      | 23 ||| Stepping ~*~*~tactically~*~*~ (stealth).
    25 | D:1      | 25 ||| Stepping ~*~*~tactically~*~*~ (stealth).
   192 | D:1      | 192 ||| Stepping ~*~*~tactically~*~*~ (stealth).
   196 | D:1      | 196 ||| Stepping ~*~*~tactically~*~*~ (stealth).
   197 | D:1      | 197 ||| Stepping ~*~*~tactically~*~*~ (stealth).
   204 | D:1      | 204 ||| Stepping ~*~*~tactically~*~*~ (stealth).
   215 | D:1      | Reached XP level 2. HP: 16/17 MP: 6/6
   229 | D:1      | Noticed a shining eye
   230 | D:1      | Found a faded altar of an unknown god.
   235 | D:1      | 235 ||| DROPPING scroll of blinking.
   236 | D:1      | 236 ||| Stepping randomly (stuck).
   244 | D:1      | Reached skill level 3 in Axes
   244 | D:1      | 244 ||| Stepping randomly (stuck).
   247 | D:1      | Noticed an eye of devastation
   252 | D:1      | Noticed a floating eye
   252 | D:1      | Noticed a shining eye
   261 | D:1      | 261 ||| Stepping randomly (stuck).
   262 | D:1      | 262 ||| Stepping ~*~*~tactically~*~*~ (stealth).
   739 | D:1      | You fall into a shaft and drop 1 floor!
   739 | D:2      | Found a hazy altar of Hepliaklqana.
   767 | D:2      | Noticed Jessica
   768 | D:2      | 768 ||| Stepping ~*~*~tactically~*~*~ (hiding).
   770 | D:2      | 770 ||| Stepping ~*~*~tactically~*~*~ (hiding).
   778 | D:2      | HP: 1/17 [Jessica/+0 dagger (5)]
   779 | D:2      | Killed Jessica
   780 | D:2      | Reached skill level 4 in Axes
   780 | D:2      | Reached XP level 3. HP: 1/21 MP: 7/7
  1089 | D:2      | 1089 ||| UPGRADING to +0 ring mail.
  1110 | D:2      | 1110 ||| DROPPING +0 leather armour.
  1111 | D:2      | 1111 ||| UPGRADING to amulet of guardian spirit.
  1116 | D:2      | 1116 ||| READING scroll labelled YZOFIS INORIXU.
  1117 | D:2      | 1117 ||| DROPPING +0 club.
  1194 | D:1      | Reached XP level 4. HP: 26/26 MP: 8/8
  1200 | D:1      | 1200 ||| Stepping ~*~*~tactically~*~*~ (hiding).
  1675 | D:1      | 1675 ||| UPGRADING to +0 scale mail.
  1685 | D:1      | 1685 ||| DROPPING +0 ring mail.
  1686 | D:1      | 1686 ||| READING scroll labelled ROVUZO XEKLA.
  1691 | D:1      | 1691 ||| READING scroll labelled LOECKU MAMU.
  1710 | D:2      | 1710 ||| STAIRDANCE
  1939 | D:2      | Reached skill level 5 in Axes
  2136 | D:2      | Identified the +7 sling of Bodily Humours {freeze, Str+3}
  2253 | D:2      | 2253 ||| Stepping ~*~*~tactically~*~*~ (hiding).
  2258 | D:2      | 2258 ||| Stepping ~*~*~tactically~*~*~ (hiding).
  2260 | D:2      | Noticed Robin
  2270 | D:2      | Killed Robin
  2371 | D:2      | 2371 ||| UPGRADING to +0 cloak.
  2376 | D:2      | 2376 ||| UPGRADING to +4 ring of evasion.
  2377 | D:2      | 2377 ||| READING scroll labelled RUEN TIMIUHOI.
  2465 | D:3      | Gained mutation: Your magical nature lets you fly swiftly
                  | and evasively. [Tengu growth]
  2465 | D:3      | Reached XP level 5. HP: 30/30 MP: 9/9
  2525 | D:3      | 2525 ||| READING scroll of enchant weapon.
  2525 | D:3      | 2525 ||| ENCHANTING +1 hand axe of flaming.
  2969 | D:3      | Found an ornate altar of the Wu Jian Council.
  2969 | D:3      | Found a shimmering altar of Xom.
  3034 | D:3      | 3034 ||| READING scroll labelled XEODEGG ARIST.
  3035 | D:3      | 3035 ||| READING 2 scrolls labelled KOMOVAUWAQ.
  3036 | D:3      | 3036 ||| READING scroll labelled QAIVIM NUFI.
  3060 | D:4      | 3060 ||| STAIRDANCE
  3068 | D:4      | 3068 ||| STAIRDANCE
  3076 | D:4      | 3076 ||| STAIRDANCE
  3080 | D:3      | HP: 6/30 [acid (3)]
  3080 | D:3      | Splashed by a jelly's acid

Levels and vault maps discovered:
D:1:      dpeg_arrival_renting, layout_basic,
          hellmonk_ecumenical_altar_watching_god, minivault_5,
          minmay_misc_feat_pillars, serial_park_tiny_pond
D:2:      layout_rooms, basic_altar, uniq_robin, uniq_jessica
D:3:      layout_loops_ring, gammafunk_temple_overflow_pools,
          kennysheep_decorative_pillar
D:4:      layout_basic, grunt_decor_fettered, uniq_menkaure

Skill      XL: |  1  2  3  4 |
---------------+-------------+-----
Axes           | 4 5 |  5.7
Fighting       | |  2.0
Throwing       | |  1.0
Armour         | |  1.1
Dodging        | |  2.1
Spellcasting   | |  2.0
Translocations | |  2.4

Action                   |  1- 3 |  4- 6 || total
-------------------------+-------+-------++-------
Melee: Hand axe          |    59 |    61 ||   120
       Kick              |    13 |    13 ||    26
       Peck              |     8 |     9 ||    17
Throw: Boomerang         |    15 |    17 ||    32
  Use: Scroll            |     1 |     7 ||     8
Armor: Leather armour    |    14 |       ||    14
       Ring mail         |     1 |     1 ||     2
       Scale mail        |       |    23 ||    23
Dodge: Dodged            |    25 |    38 ||    63

Table legend:
 A = Non-vault XP
 B = Vault XP
 C = Vault XP percentage of total XP
 D = Non-vault monster count
 E = Vault monster count
 F = Vault count percentage of total count
                 A         B        C        D         E       F
            +---------+---------+-------+---------+---------+-------
      Total |     121 |      70 |  36.6 |      45 |      13 |  22.4
            +---------+---------+-------+---------+---------+-------
        D:1 |      42 |       0 |   0.0 |      22 |       0 |   0.0
        D:2 |      38 |      70 |  64.8 |      15 |      13 |  46.4
        D:3 |      41 |       0 |   0.0 |       8 |       0 |   0.0
            +---------+---------+-------+---------+---------+-------
